Map: Protocole central

Players

zidar

  • Race: Zerg Zerg
  • Spawn Location: 1:00

SnOW - Winner!

  • Race: Terran Terran
  • Spawn Location: 11:00

VOD

Have the link to the VOD?

Description

Time

  • Played on: Nov. 13, 2015, 11:02 a.m.
  • Length: 9:17
Show
View Real Time Build Order
Export as new Build Order

zidar Zerg 

Build Orders: Hatch First 

Get SALT Encoding   

  12  0:02  Drone  
  13  0:12  Overlord  
  13  0:16  Drone  
  14  0:30  Drone x2  
  16  0:52  Hatchery  
  16  0:53  Drone  
  16  1:01  Extractor  
  16  1:04  Drone  
  16  1:15  Spawning Pool  
  16  1:17  Drone  
  16  1:27  Drone  
  17  1:40  Drone  
  18  2:02  Metabolic Boost  
  18  2:04  Queen  
  18  2:07  Queen  
  22  2:23  Drone x4  
  22  2:28  Overlord  
  26  2:49  Zergling x2  
  26  2:51  Zergling x2  
  28  2:55  Overlord x2  
  28  3:19  Zergling x20  
  38  3:30  Drone  
  38  3:32  Drone x2  
  41  3:36  Extractor  
  41  3:40  Extractor  
  39  3:54  Baneling Nest, Drone x6  
  43  4:32  Lair  
  43  4:41  Overlord x3  
  43  4:44  Baneling x3  
  43  4:57  Extractor  
  43  4:58  Drone  
  43  4:59  Drone x4  
  47  5:02  Overlord  
  47  5:03  Overlord  
  43  5:18  Hatchery  
  42  5:36  Zergling x2  
  42  5:37  Zergling x16  
  42  5:39  Baneling x2  
  42  5:40  Baneling  
  51  5:59  Baneling  
  51  6:00  Baneling  
  51  6:01  Baneling  
  51  6:02  Baneling  
  51  6:03  Baneling  
  51  6:10  Queen  
  53  6:12  Queen  
  55  6:21  Zergling x2  
  55  6:22  Zergling x2  
  55  6:23  Zergling x6  
  60  6:33  Evolution Chamber  
  47  6:54  Baneling Nest  
  46  7:06  Spire  
  44  7:33  Drone x5  
  44  7:35  Drone  
  50  7:37  Queen  
  40  8:04  Zergling x28  
  40  8:05  Zergling x10  
  47  8:39  Mutalisk x11  
  63  8:51  Baneling x2  
  63  8:53  Baneling  
Show
View Real Time Build Order
Export as new Build Order

SnOW Terran - Winner!

Build Orders:  

Get SALT Encoding   

  12  0:01  SCV  
  13  0:13  SCV  
  14  0:18  Supply Depot  
  14  0:25  SCV  
  15  0:40  SCV  
  15  0:41  Barracks  
  16  0:52  SCV  
  17  1:04  SCV  
  18  1:16  SCV  
  19  1:28  Orbital Command  
  19  1:32  Marine  
  20  1:33  Command Center  
  20  1:49  Marine  
  21  1:55  SCV  
  21  2:00  Supply Depot  
  22  2:07  SCV  
  23  2:17  Command Center  
  23  2:21  SCV  
  24  2:24  Barracks  
  24  2:28  Marine  
  25  2:34  SCV  
  25  2:35  Barracks  
  26  2:42  Refinery  
  26  2:43  Refinery  
  26  2:50  Orbital Command  
  26  2:52  Marine  
  26  2:56  SCV  
  28  3:08  SCV  
  28  3:10  Marine  
  30  3:16  Barracks Tech Lab  
  30  3:18  SCV  
  31  3:20  SCV  
  31  3:24  Marine  
  32  3:30  SCV  
  32  3:31  Orbital Command  
  32  3:33  SCV  
  34  3:36  Marine x2  
  34  3:39  Stimpack  
  36  3:41  Marine  
  36  3:42  SCV  
  36  3:45  SCV  
  39  3:51  Factory  
  39  3:54  Marine x2, SCV  
  42  3:57  SCV  
  42  3:58  SCV  
  42  4:01  Marine  
  45  4:06  SCV  
  46  4:10  Engineering Bay  
  46  4:11  SCV x2  
  46  4:14  Marine  
  50  4:18  SCV  
  50  4:19  Barracks Reactor  
  50  4:23  SCV x2  
  52  4:25  Refinery x2  
  52  4:30  Barracks Reactor  
  52  4:31  SCV  
  53  4:35  SCV x2  
  53  4:36  Factory Reactor, Starport  
  55  4:43  Marine, SCV  
  57  4:47  SCV  
  57  4:48  Barracks x2  
  58  4:54  Supply Depot  
  58  4:55  Terran Infantry Weapons Level 1  
  58  4:57  Marine x2  
  60  5:00  SCV  
  61  5:11  Marine, SCV  
  61  5:12  SCV  
  61  5:13  Marine x2  
  54  5:16  Marine  
  54  5:17  Marine  
  56  5:22  Supply Depot  
  56  5:23  SCV, Medivac  
  56  5:24  Medivac  
  56  5:25  Orbital Command  
  56  5:26  SCV  
  62  5:28  Marine  
  62  5:31  Marine x2  
  62  5:33  Factory Tech Lab  
  62  5:34  Marine x2  
  62  5:35  SCV  
  67  5:36  Barracks Reactor  
  67  5:37  Barracks Reactor  
  67  5:38  SCV  
  68  5:44  Combat Shield  
  68  5:46  Marine  
  68  5:47  SCV  
  70  5:51  Supply Depot  
  70  5:54  Marine x4  
  70  5:55  Supply Depot x2  
  74  6:00  Medivac  
  76  6:04  Marine  
  77  6:12  Marine, SCV x2, Siege Tank, Medivac  
  77  6:16  Marine x5, SCV  
  91  6:23  Supply Depot  
  91  6:24  SCV x2  
  93  6:28  SCV  
  93  6:31  Marine x2, Supply Depot  
  96  6:34  Marine x3  
  96  6:37  SCV x2  
  101  6:40  Engineering Bay  
  101  6:44  Marine x2, SCV  
  104  6:49  Marine, SCV x2, Terran Infantry Armor Level 1  
  104  6:54  Supply Depot  
  104  6:55  Refinery x2  
  104  6:57  SCV  
  104  6:58  Armory  
  104  7:01  SCV  
  106  7:04  Marine x4  
  106  7:06  Siege Tank  
  113  7:09  SCV x2  
  113  7:11  Supply Depot  
  113  7:13  SCV  
  116  7:21  SCV x2  
  116  7:26  Marine x7  
  123  7:38  Siege Tank  
  123  7:41  Medivac  
  123  7:42  Medivac  
  123  7:43  Marine x2, Supply Depot  
  123  7:44  Marine  
  133  7:45  Supply Depot  
  133  7:53  Supply Depot  
  133  7:56  Marine  
  133  8:04  Marine x6  
  139  8:07  Command Center  
  139  8:13  Supply Depot  
  139  8:14  Marine  
  140  8:22  Marine x6, Siege Tank  
  149  8:32  Marine  
  150  8:38  Barracks  
  150  8:39  Barracks  
  150  8:40  Marine x3, Barracks  
  150  8:41  Factory  
  153  8:47  Marine x3  
  149  8:53  Marine  
  154  8:58  Marine x3  
  154  8:59  Supply Depot  
  157  9:06  Command Center  
Tags
 
Add a new tag
Caveats
  • Supply blocks, unpowered buildings, or Contaminate may cause inaccurate times.
  • Supply counts are checked every 10 seconds.